[Event "*** SCC Grand Prix: Titled Tuesday Blitz"]
[Site "Chess.com"]
[Date "2020.10.13"]
[Round "4"]
[White "Kaua18"]
[Black "Margency"]
[Result "0-1"]
[WhiteElo "2347"]
[BlackElo "2603"]
[TimeControl "180+1"]
[EndTime "10:39:44 PDT"]
[Termination "Margency won by resignation"]

1. e4 c5 2. Nf3 d6 3. d4 cxd4 4. Nxd4 Nf6 5. Nc3 a6 6. h3 e6 7.
g4 h6 8. Bg2 g5 9. Be3 Nbd7 10.
a4 Ne5 11. Qe2 Bd7 12. f4 gxf4 13. Bxf4 Rc8 14. O-O Be7 15. Rad1 Qb6 16. Kh2 Qxb2 17. Nb1 Bxa4 18. Bg3 Qb6 19. Nd2 Qxd4 20. Nf3 Nxf3+ 21. Rxf3 Qc4 22. Qe3 Qc5 23. Qe2 Bb5 24. Qe1 Nd7 25. e5 Nxe5 26. Rf2 Bc6 27. Bxc6+ Qxc6 28. Qf1 Rh7 29. Re1 Qc4 30. Qg2 Qc6 31. Qf1 h5 32. gxh5 Rxh5 33. Bxe5 Rxe5 34. Rxe5 dxe5 35. Rxf7 Qxc2+ 36.
Rf2 Qh7 37. Qg2 e4 38. Qg3 e3 39. Qxe3 Rc2 40. Rxc2 Qxc2+ 41. Kg3 Qf5 42. Qa7 Bd6+ 43.
Kg2 Qd5+ 44. Kf2 Bc5+ 45. Qxc5 Qxc5+ 0-1

[Event "*** SCC Grand Prix: Titled Tuesday Blitz"]
[Site "Chess.com"]
[Date "2020.10.13"]
[Round "4"]
[White "alejanchess73"]
[Black "paulrusan"]
[Result "0-1"]
[WhiteElo "2390"]
[BlackElo "2228"]
[TimeControl "180+1"]
[EndTime "10:39:44 PDT"]
[Termination "paulrusan won by checkmate"]

1. d4 Nf6 2. c4 g6 3. Nc3 Bg7 4. Nf3 d6 5. e3 O-O 6. Be2 Nbd7 7. O-O e5 8. Qc2 Re8 9. h3 Qe7 10. Rd1 e4 11. Nd2 h5 12. b4 Nf8 13.
Bf1 Bf5 14. a4 Ne6 15. Nb3 h4 16. Ba3 c6 17. Rab1 Ng5 18. d5 cxd5 19. Nxd5 Nxd5 20. Rxd5 Be5 21. Rbd1 Nf3+ 22. Kh1 Qg5 23. Nd4 Nxd4 24. exd4 e3 25. Qe2 Bf4 26. Bc1 exf2 27. Bxf4 Rxe2 28.
Bxg5 Re1 29. Bxh4 Rxd1 30. Bxf2 Rxf1+ 31. Bg1 Re8 32. Rxd6 Ree1 33. Kh2 Rxg1 34. d5 Be4 35. Rd8+ Kg7 36. Kg3 Rxg2+ 37. Kf4 Bf5 38. d6 Rd2 39. c5 Red1 40. h4 b6 41. Ra8 bxc5 42. bxc5 Rd5 43. c6 R1d4+ 44. Ke3 Rxd6 45. c7 Rd3+ 46. Ke2 Rc3 47.
Rxa7 Rdc6 48. a5 Rxc7 49. Ra8 Rc8 50. Ra7 R3c7 51. Ra6 Rd7 52. Rb6 Ra8 53. a6 Rda7 54.
h5 Rxa6 55. Rb5 Ra5 56. Rb4 Ra4 57. Rb6 gxh5 58. Ke3 h4 59. Kf3 h3 60. Kg3 Ra3+ 61. Kh4 h2 62. Kg5 Be6 63. Rb1 Ra1 64. Rb8 Rxb8 65.
Kf4 h1=Q 66. Ke5 Qe1+ 67. Kd6 Rd1+ 68. Kc7 Qc3+ 69. Kxb8 Rb1+ 70. Ka7 Qa3# 0-1

[Event "*** SCC Grand Prix: Titled Tuesday Blitz"]
[Site "Chess.com"]
[Date "2020.10.13"]
[Round "4"]
[White "Oligan22"]
[Black "nitpicker"]
[Result "0-1"]
[WhiteElo "2425"]
[BlackElo "2291"]
[TimeControl "180+1"]
[EndTime "10:39:46 PDT"]
[Termination "nitpicker won by resignation"]

1. e4 d5 2. exd5 Qxd5 3. Nf3 Nf6 4. d4 c6 5. c4 Qd8 6. Be3 Bf5 7.
Nc3 e6 8. Be2 h6 9. O-O Be7 10. h3 Nbd7 11. Qb3 Qb6 12. Qxb6 axb6 13. b3 O-O 14. Rfd1 Rfc8 15. Ne5 Bb4 16. Na4 Bc2 17. Rdc1 Bf5 18. g4 Bh7 19. h4 Nxe5 20. dxe5 Nd7 21. Nxb6 Nxb6 22. Bxb6 c5 23. a4 Be4 24. a5 Rc6 25. f3 Bh7 26. Kf2 Rcc8 27. Ke3 Ra6 28. f4 Rca8 29. Bf3 Bxa5 30. Bxb7 Rxb6 31.
Bxa8 Rxb3+ 32. Kf2 Bc3 33. Ra2 Bd3 34. Rd1 Bd4+ 35. Kg2 Bxc4 36. Be4 g6 37. h5 Re3 38.
Bf3 Bxa2 39. hxg6 fxg6 40. Rc1 Bd5 41. Bxd5 exd5 42. Rb1 g5 43. f5 Bxe5 44. Rb7 Bf4 45. f6 d4 46. Rg7+ Kf8 47. Rd7 d3 48. Kf2 d2 49. Rxd2 Re6 0-1

[Event "*** SCC Grand Prix: Titled Tuesday Blitz"]
[Site "Chess.com"]
[Date "2020.10.13"]
[Round "4"]
[White "C_K_G"]
[Black "HanSchut"]
[Result "1-0"]
[WhiteElo "2032"]
[BlackElo "2227"]
[TimeControl "180+1"]
[EndTime "10:39:46 PDT"]
[Termination "C_K_G won on time"]

1. e4 c5 2. Nf3 d6 3. d4 cxd4 4.
Nxd4 Nf6 5. Nc3 a6 6. Be2 e5 7. Nb3 Be6 8. Be3 Be7 9. f4 exf4 10. Bxf4 Nc6 11. O-O O-O 12. Nd5 Ne5 13. Nxe7+ Qxe7 14. Bg5 Ned7 15. Nd4 Rac8 16. Bd3 Qd8 17. Qe1 Qb6 18.
c3 Bc4 19. Rd1 Bxd3 20. Rxd3 Ne5 21. Rh3 Nfg4 22. Rg3 h6 23. Bc1 Kh7 24. h3 Nf6 25. Rxf6 gxf6 26. Qe3 Ng6 27. Qxh6+ Kg8 28. Kh2 Rc5 29.
Nf5 Rxf5 30. exf5 Qf2 31. fxg6 Qxg3+ 32. Kxg3 fxg6 33. Qxg6+ Kh8 34. Qh6+ Kg8 35. Bf4 Kf7 36. Bxd6 Rg8+ 37. Kf4 Ke6 38. Bc5 Rc8 39. Bd4 Rc6 40. Qxf6+ Kd7 41. Qf7+ Kc8 42. Be5 Rc4+ 43. Qxc4+ Kd7 44.
Qf7+ 1-0

[Event "*** SCC Grand Prix: Titled Tuesday Blitz"]
[Site "Chess.com"]
[Date "2020.10.13"]
[Round "4"]
[White "JakubPulpan"]
[Black "Fh2411"]
[Result "1-0"]
[WhiteElo "2679"]
[BlackElo "2512"]
[TimeControl "180+1"]
[EndTime "10:39:48 PDT"]
[Termination "JakubPulpan won by resignation"]

1. Nf3 d5 2. b3 c6 3. Bb2 Bf5 4.
g3 e6 5. Bg2 Nf6 6. O-O h6 7.
c4 Be7 8. d3 O-O 9. Nbd2 a5 10.
a3 Na6 11. Qc2 Bh7 12. Bc3 Qb6 13. Qb2 Rfd8 14. Rfb1 c5 15. Qc2 d4 16. Bb2 Qc7 17. Ne4 Nxe4 18. dxe4 Nb8 19. Ne1 Nc6 20. Nd3 e5 21.
Bc1 Bd6 22. Bd2 Qe7 23. Qb2 f5 24. exf5 e4 25. Nf4 Bxf4 26. Bxf4 Bxf5 27. Re1 Rd7 28. Bd2 Rf8 29. e3 d3 30. b4 axb4 31. axb4 Ne5 32.
bxc5 Nxc4 33. Qb4 Qe6 34. Rec1 Ne5 35. Rab1 Nf3+ 36. Bxf3 exf3 37. Qc4 Rc8 38. Qf4 Be4 39. g4 Rf8 40. Qg3 Rf6 41. Rb6 Bc6 42. Rb4 Rg6 43. h3 Rd5 44. e4 Re5 45. Qxf3 Rxe4 46. Rxe4 Bxe4 47. Qg3 Bc6 48. Qxd3 Rxg4+ 49. hxg4 Qxg4+ 50. Kf1 Bf3 51. Qc4+ Qxc4+ 52. Rxc4 1-0

[Event "*** SCC Grand Prix: Titled Tuesday Blitz"]
[Site "Chess.com"]
[Date "2020.10.13"]
[Round "4"]
[White "Castleqweenside7447"]
[Black "glebus008"]
[Result "0-1"]
[WhiteElo "2433"]
[BlackElo "2313"]
[TimeControl "180+1"]
[EndTime "10:39:48 PDT"]
[Termination "glebus008 won on time"]

1. Nf3 d5 2. c4 e6 3. d4 c6 4. e3 Bd6 5. Bd3 f5 6. b3 Nf6 7. O-O Qe7 8. Bb2 O-O 9. Nc3 Ne4 10.
Ne2 Nd7 11. a3 Qf6 12. Rc1 g5 13. Ne1 g4 14. g3 Kh8 15. Ng2 Rg8 16. b4 Rg6 17. b5 Rh6 18. bxc6 bxc6 19. cxd5 cxd5 20. Bxe4 fxe4 21. Ngf4 Ba6 22. Rc6 Bxf4 23. Rxa6 Bg5 24. Nc3 Qf5 25. Nb1 Nb6 26. Nd2 Be7 27. Bc3 Qh5 28. h4 Bxh4 29. Kg2 Bxg3 30. Rh1 Qxh1+ 31.
Qxh1 Rxh1 32. Kxh1 Bxf2 33. Nf1 Nc4 34. Kg2 Bxe3 35. Nxe3 Nxe3+ 36. Kg3 h5 37. Bd2 Nf5+ 38.
Kf4 Rf8 39. Ke5 e3 40. Be1 Re8 41. Rxa7 g3 0-1

[Event "*** SCC Grand Prix: Titled Tuesday Blitz"]
[Site "Chess.com"]
[Date "2020.10.13"]
[Round "4"]
[White "ural58"]
[Black "kinga2008"]
[Result "0-1"]
[WhiteElo "2325"]
[BlackElo "2181"]
[TimeControl "180+1"]
[EndTime "10:39:48 PDT"]
[Termination "kinga2008 won by resignation"]

1. e4 c5 2. b3 d5 3. exd5 Qxd5 4.
Nc3 Qd8 5. Nf3 Nc6 6. Bb5 Bd7 7. O-O e6 8. Bb2 Nf6 9. a4 Bd6 10. d4 cxd4 11. Nxd4 Bc7 12. Nxc6 bxc6 13. Bd3 O-O 14. Ne4 Nxe4 15. Bxe4 Qh4 16. g3 Qxe4 17. Qxd7 Bb6 18. a5 Bc5 19. Qd2 Rad8 20. Qg5 Bd4 21. Bxd4 Qxd4 22. a6 Qb6 23. Qe3 Qxe3 24. fxe3 Rd2 25.
Rf2 Rfd8 26. Raf1 Rxf2 27. Rxf2 Rd1+ 28. Kg2 Ra1 29. Rd2 g6 30. Rd7 Rxa6 31. Rc7 Kg7 32. Kf3 Kf6 33. h4 Rb6 34. Rxa7 Rb5 35. Ke2 Rc5 36. c4 g5 37. h5 g4 38. Rc7 Rxh5 39. Rxc6 Rh2+ 40. Kd3 Rb2 41. Kc3 Rg2 42. b4 Rxg3 43.
Kd4 h5 44. Ra6 h4 45. b5 h3 46. Ra1 h2 47. Rh1 Rh3 48. b6 g3 49. b7 Rh8 50.
c5 e5+ 51. Kc4 Ke6 52. c6 Kd6 53. Kb5 Kc7 54. Ka6 g2 55. Rd1 g1=Q 56. Rd7+ Kxc6 0-1

[Event "*** SCC Grand Prix: Titled Tuesday Blitz"]
[Site "Chess.com"]
[Date "2020.10.13"]
[Round "4"]
[White "bakki78"]
[Black "SilviusTiberius"]
[Result "0-1"]
[WhiteElo "2742"]
[BlackElo "2597"]
[TimeControl "180+1"]
[EndTime "10:39:49 PDT"]
[Termination "SilviusTiberius won by checkmate"]

1. e4 c5 2. c3 Nf6 3. e5 Nd5 4. Na3 Nc6 5. Nf3 g6 6. Qb3 Nb6 7. d4 cxd4 8. cxd4 d5 9. h3 Bg7 10. Be2 O-O 11. O-O Bf5 12. Bf4 Rc8 13. Rac1 Qd7 14. Rfd1 h6 15. Nb5 g5 16. Bg3 a6 17.
Na7 Nxa7 18. Qxb6 Rxc1 19. Rxc1 Rc8 20. Rxc8+ Nxc8 21. Qc5 e6 22. Qc1 Ne7 23. h4 g4 24.
Nh2 h5 25. f3 Qa4 26. Bf2 g3 27. Bxg3 Qxd4+ 28. Kf1 Bxe5 29. Qg5+ Ng6 30. Bxe5 Qxe5 31. g3 Bh3+ 32. Kf2 Qxb2 33. g4 d4 34. gxh5 d3 35.
Qd8+ Kg7 36. Qxd3 Nf4 37. Qe3 e5 38. Ng4 f6 39. h6+ Kf7 40. h7 Kg7 41. Nxf6 Nxe2 42. Qg5+ Kf7 43. Qg8+ Ke7 44. Qe8+ Kd6 45. Qd8+ Kc6 46.
Qe8+ Kb6 47. h8=Q Nf4+ 48. Kg3 Qg2# 0-1

[Event "*** SCC Grand Prix: Titled Tuesday Blitz"]
[Site "Chess.com"]
[Date "2020.10.13"]
[Round "4"]
[White "frederiksvane"]
[Black "Fandorine"]
[Result "1-0"]
[WhiteElo "2694"]
[BlackElo "2856"]
[TimeControl "180+1"]
[EndTime "10:39:50 PDT"]
[Termination "frederiksvane won by resignation"]

1. e4 g6 2. d4 Bg7 3. Nf3 d6 4. Bd3 Nf6 5. O-O O-O 6. Nbd2 Nc6 7. Re1 Nd7 8. c3 e5 9. Nb3 a5 10. a4 b6 11. Be3 Bb7 12. Qd2 Qe7 13. Bh6 Rad8 14.
Bxg7 Kxg7 15. d5 Ncb8 16. Nc1 c6 17. dxc6 Nxc6 18. Bc4 Nf6 19. Bd5 Nxd5 20. exd5 Nb8 21. b4 Qc7 22. Rb1 Nd7 23. Nb3 Nf6 24. bxa5 Nxd5 25.
c4 Nf4 26. axb6 Qc8 27. Re3 Nxg2 28. Kxg2 Qg4+ 29. Kf1 Bxf3 30. Qd3 e4 31. Qd4+ Kg8 32. Nd2 Qg2+ 33. Ke1 Qg1+ 34. Nf1 Bg2 35. Ke2 Bf3+ 36. Ke1 f5 37. b7 f4 38. Rxf3 exf3 39. a5 Rfe8+ 40.
Kd2 Qg5 41. Qd5+ Qxd5+ 42. cxd5 Re2+ 43. Kd3 Rxf2 44. Nd2 Rxh2 45. a6 f2 46. a7 Rh3+ 47. Kd4 Ra3 48. b8=Q 1-0

[Event "*** SCC Grand Prix: Titled Tuesday Blitz"]
[Site "Chess.com"]
[Date "2020.10.13"]
[Round "4"]
[White "Kildepiotr"]
[Black "AlexeiShirov"]
[Result "1-0"]
[WhiteElo "2663"]
[BlackElo "2841"]
[TimeControl "180+1"]
[EndTime "10:39:50 PDT"]
[Termination "Kildepiotr won by resignation"]

1. Nf3 d5 2. g3 g6 3. Bg2 Bg7 4. d4 Nf6 5. O-O O-O 6. c4 c6 7. cxd5 cxd5 8. Nc3 Ne4 9. Nd2 f5 10. Nf3 Nc6 11. Bf4 Be6 12. e3 Rc8 13. Rc1 Qb6 14. Na4 Qa6 15. a3 b6 16. Nc3 Na5 17. Nxe4 dxe4 18.
Ne5 Bd5 19. Qa4 Qb7 20. Rfe1 Nb3 21. Rxc8 Rxc8 22. Bf1 Nd2 23. Ba6 Qa8 24. Bxc8 Qxc8 25. Qd1 Nb3 26. Qe2 a6 27. h3 Bf6 28. g4 g5 29. Bh2 f4 30. a4 h5 31. gxh5 f3 32. Qf1 Nd2 33. Rc1 Qf5 34. Ng4 Nxf1 35. Nh6+ Kh7 36. Nxf5 Nd2 37. Rc7 Be6 38. Nxe7 Kh6 39.
Be5 Bxe5 40. dxe5 Bxh3 41. Ng8+ Kxh5 42. Rh7+ Kg4 43. Nf6+ Kf5 44. Rxh3 Nc4 45. Nh5 Nxb2 46. Ng3+ Kxe5 47. Rh6 Nxa4 48. Rg6 Nc5 49. Rxb6 Kd5 50. Rg6 a5 51. Rxg5+ Kc4 52. Re5 a4 53. Nxe4 Nb3 54. Nd6+ Kb4 55. Rb5+ Kc3 56. Rb8 Nc5 57. Ra8 Kb4 58. Nf5 Nd3 59. Nd4 Ne5 60. Nc2+ Kb3 61. Nd4+ Kb4 62. Rb8+ Kc4 63. Kf1 a3 64. Ra8 Kb4 65.
Nc2+ Kc3 66. Nxa3 1-0

[Event "*** SCC Grand Prix: Titled Tuesday Blitz"]
[Site "Chess.com"]
[Date "2020.10.13"]
[Round "4"]
[White "swayamsm"]
[Black "JoakimVonAnd"]
[Result "1/2-1/2"]
[WhiteElo "2628"]
[BlackElo "2493"]
[TimeControl "180+1"]
[EndTime "10:39:51 PDT"]
[Termination "Game drawn by repetition"]

1. d4 Nf6 2. Nf3 d5 3. c4 e6 4. Nc3 c6 5. Bf4 dxc4 6. e3 Nd5 7. Bxc4 Nxf4 8. exf4 g6 9. Qe2 Bg7 10. Rd1 Nd7 11. Ne5 Nf6 12. g3 h5 13. h4 O-O 14.
Bd3 Qd6 15. O-O b6 16. Ne4 Nxe4 17. Bxe4 Bb7 18. Qf3 Rac8 19. Rd2 Ba8 20. Rfd1 Rfd8 21. g4 hxg4 22. Qxg4 Qe7 23. h5 gxh5 24. Qxh5 Qf6 25.
Rd3 Kf8 26. Ng4 Qe7 27. f5 c5 28. Bxa8 Rxa8 29. Rf3 exf5 30. Rxf5 Rxd4 31. Rxd4 cxd4 32. Ne5 Bxe5 33. Rxe5 Qf6 34. Kf1 Rd8 35. Rf5 Qg7 36. Qh4 Rd7 37. Qe4 d3 38. Qa8+ Ke7 39. Qe4+ Kd8 40.
Qa8+ Ke7 41. Qe4+ Kf8 42. Qa8+ Ke7 1/2-1/2

[Event "*** SCC Grand Prix: Titled Tuesday Blitz"]
[Site "Chess.com"]
[Date "2020.10.13"]
[Round "4"]
[White "VitaliyBernadskiy"]
[Black "exoticprincess"]
[Result "1-0"]
[WhiteElo "2755"]
[BlackElo "2869"]
[TimeControl "180+1"]
[EndTime "10:39:53 PDT"]
[Termination "VitaliyBernadskiy won by checkmate"]

1. e4 c5 2. Nf3 e6 3. b4 cxb4 4. a3 b3 5. cxb3 d5 6. e5 Nc6 7. d4 Bd7 8. Bd3 Qb6 9. Be3 Nh6 10. Nc3 Na5 11. b4 Nc6 12. O-O Be7 13. Rc1 O-O 14. Qc2 Rac8 15. Bxh7+ Kh8 16. Bd3 Ng4 17. Qe2 Nxe3 18.
fxe3 g6 19. Qf2 Kg7 20. Na4 Qd8 21. Nc5 Rc7 22. Qg3 Bc8 23. h4 b6 24. Nb3 Rh8 25. Ng5 Bxg5 26. hxg5 Ne7 27. Qf2 Ng8 28. Qf4 Re7 29. g4 Bd7 30. Kg2 Be8 31. Rh1 Rxh1 32. Rxh1 Rc7 33. Nd2 Rc3 34. Bb1 Rxa3 35. Nf3 Rb3 36.
Nh4 Rxb4 37. Nf5+ exf5 38. gxf5 gxf5 39. Bxf5 Bd7 40. Rh7+ Kf8 41. g6 Rb2+ 42. Kf3 Nf6 43. Rxf7+ Kg8 44. Qh6 Rc2 45. Qg7# 1-0

[Event "*** SCC Grand Prix: Titled Tuesday Blitz"]
[Site "Chess.com"]
[Date "2020.10.13"]
[Round "4"]
[White "jamalm2"]
[Black "CM_rui"]
[Result "1/2-1/2"]
[WhiteElo "1787"]
[BlackElo "2357"]
[TimeControl "180+1"]
[EndTime "10:39:54 PDT"]
[Termination "Game drawn by repetition"]

1. d4 Nf6 2. Bg5 e6 3. e4 Be7 4. f3 O-O 5. Nc3 d6 6. Qd2 Nbd7 7. O-O-O e5 8. d5 Nxd5 9. Bxe7 Nxe7 10. g4 Ng6 11. Nge2 Qf6 12. Bg2 Nh4 13. Nd5 Qd8 14.
Ng3 c6 15. Ne3 Qg5 16. Kb1 Nb6 17. b3 Rd8 18. Nef5 Qxd2 19. Rxd2 Nxg2 20. Rxg2 Kf8 21. h4 d5 22. h5 d4 23. g5 Be6 24. h6 g6 25. Ng7 Ke7 26. Rf2 c5 27. f4 exf4 28. Rxf4 c4 29. Nxe6 fxe6 30. e5 Nd5 31. Rf2 Ne3 32.
Ne4 d3 33. cxd3 cxd3 34. Rh3 Ng4 35. Rd2 Nxe5 36. Nf6 Rh8 37. Re3 Kd6 38. Ne4+ Kd5 39. Nf6+ Kd6 40. Ne4+ Ke7 41. Nc5 Kd6 42. Ne4+ 1/2-1/2

[Event "*** SCC Grand Prix: Titled Tuesday Blitz"]
[Site "Chess.com"]
[Date "2020.10.13"]
[Round "4"]
[White "KaterynaLagno"]
[Black "vaishali2001"]
[Result "0-1"]
[WhiteElo "2705"]
[BlackElo "2563"]
[TimeControl "180+1"]
[EndTime "10:39:55 PDT"]
[Termination "vaishali2001 won by checkmate"]

1. e4 c5 2. Nf3 Nc6 3. c3 Nf6 4. e5 Nd5 5. Bc4 Nb6 6. Bb3 d5 7. exd6 Qxd6 8. O-O e6 9. d4 cxd4 10. cxd4 Be7 11. Nc3 O-O 12. Nb5 Qd8 13. Bf4 Nd5 14. Bg3 a6 15. Bxd5 exd5 16. Nc7 Ra7 17. Qb3 Be6 18.
Nxe6 fxe6 19. Rfe1 Qd7 20. Qe3 Bf6 21. Rad1 Re8 22.
Bh4 Qf7 23. Bxf6 Qxf6 24. Qb3 Re7 25. Re2 Ra8 26. Qb6 Rae8 27. Rde1 h6 28. b4 Kh7 29. a4 e5 30. b5 axb5 31. axb5 Nxd4 32. Qc5 Nxe2+ 33. Rxe2 e4 34. Nd4 Qe5 35. b6 Rd7 36. g3 Qd6 37. Qb5 Rf8 38. Rd2 Rdf7 39. Nc2 Rf5 40.
Nd4 R5f6 41. Nc2 Qxb6 42. Qe2 Qb1+ 43. Kg2 Qb3 44. Ne3 Rd6 45. Rd4 Rdf6 46. Nd1 Qf3+ 47. Kf1 Qh1# 0-1

[Event "*** SCC Grand Prix: Titled Tuesday Blitz"]
[Site "Chess.com"]
[Date "2020.10.13"]
[Round "4"]
[White "Morshynska"]
[Black "KerryStead"]
[Result "1-0"]
[WhiteElo "2246"]
[BlackElo "2028"]
[TimeControl "180+1"]
[EndTime "10:39:55 PDT"]
[Termination "Morshynska won on time"]

1. e4 g6 2. d4 Bg7 3. Nc3 c6 4. Nf3 d5 5. h3 h5 6. Bd3 Nh6 7.
O-O dxe4 8. Nxe4 Nd7 9. Bg5 O-O 10. Re1 Nf5 11. c3 Nf6 12. Qd2 Be6 13. a4 b6 14. a5 Rb8 15. Ne5 Nxe4 16. Bxe4 Bxe5 17.
dxe5 Qxd2 18. Bxd2 Bd5 19. a6 Bxe4 20. Rxe4 Rbd8 21.
Bg5 Rd7 22. b4 e6 23. Rc4 Rc7 24. Rd1 Rfc8 25. g4 hxg4 26. hxg4 Ne7 27. Kg2 Nd5 28. Rh1 c5 29. b5 Rd7 30. Re4 f5 31. exf6 Re8 32. c4 Nb4 33. Re3 e5 34. Reh3 Kf7 35. Rh7+ Ke6 36. Rxd7 Kxd7 37. Rh7+ Kd6 38. Rxa7 Nd3 39. Rb7 e4 40. f7 Rf8 41. Bh6 Rxf7 42.
Rxf7 1-0

[Event "*** SCC Grand Prix: Titled Tuesday Blitz"]
[Site "Chess.com"]
[Date "2020.10.13"]
[Round "4"]
[White "Ave_Mariia"]
[Black "Fighter008"]
[Result "1-0"]
[WhiteElo "2501"]
[BlackElo "2619"]
[TimeControl "180+1"]
[EndTime "10:39:56 PDT"]
[Termination "Ave_Mariia won by checkmate"]

1. d4 Nf6 2. c4 g6 3. Nc3 Bg7 4. e4 d6 5. Be2 O-O 6. Be3 Na6 7.
Nf3 e5 8. O-O Ng4 9. Bg5 f6 10.
Bh4 h5 11. h3 Nh6 12. Qc2 Nf7 13. a3 c6 14. Rad1 Qe7 15. b4 g5 16. Bg3 Nc7 17.
c5 dxc5 18. dxe5 fxe5 19. bxc5 Qxc5 20. Qb3 Ne6 21. Bc4 Qe7 22. Rd2 g4 23. hxg4 hxg4 24. Nh4 Nd4 25. Qa2 Qf6 26. f4 gxf3 27. Nxf3 Qg6 28. Nxe5 Qxg3 29. Nxf7 Kh7 30. Rd3 Qg6 31.
e5 c5 32. Re3 Bf5 33. e6 Rae8 34. Rfe1 a6 35. Qf2 b5 36. Qh4+ Kg8 37. Rg3 bxc4 38.
Rxg6 Bxg6 39. Ng5 Nf5 40. Qxc4 Bd4+ 41. Kh1 Re7 42. Nd5 Rfe8 43. Nxe7+ Rxe7 44. Qd5 Kg7 45. Rb1 Kf6 46. Rb7 Re8 47. Ne4# 1-0

[Event "*** SCC Grand Prix: Titled Tuesday Blitz"]
[Site "Chess.com"]
[Date "2020.10.13"]
[Round "4"]
[White "BanjoKazooieN64"]
[Black "JuliaEfremova"]
[Result "0-1"]
[WhiteElo "2462"]
[BlackElo "2334"]
[TimeControl "180+1"]
[EndTime "10:39:56 PDT"]
[Termination "JuliaEfremova won by resignation"]

1. e4 d5 2. exd5 Qxd5 3. Nc3 Qa5 4. d4 Nf6 5. Nf3 Bg4 6. Bc4 Nc6 7. Bd2 O-O-O 8.
Nd5 Qa4 9. Bb3 Bxf3 10. Qxf3 Qxd4 11. O-O-O Qe4 12. Bg5 Qxf3 13. gxf3 Na5 14. Ne3 Nxb3+ 15. axb3 Rxd1+ 16. Rxd1 e6 17. Nc4 Be7 18. Ne5 Rf8 19.
c4 h6 20. Bh4 Bd6 21. f4 g5 22. fxg5 Bxe5 23. gxf6 Bxh2 24. Rh1 Bf4+ 25. Kc2 Rg8 26. Bg3 Bxg3 27. Rg1 Rg6 28. fxg3 Rxf6 29. Kd3 Kd7 30.
Ke4 a5 31. c5 Rf5 32. Kd4 Kc6 33. Rh1 h5 34. Rc1 Rd5+ 35. Ke4 Rxc5 36. Rf1 f5+ 37.
Kf4 Rb5 38. Rf3 Rd5 39. Kg5 b5 40. Kxh5 f4+ 41. Kg4 fxg3 42. Kxg3 Kc5 43. Rc3+ Kb4 44. Rxc7 Kxb3 45. Ra7 a4 46. Kf4 Kxb2 47. Ke4 a3 48.
Ra6 b4 49. Rxe6 Rd1 50. Rh6 b3 51. Rh2+ Kb1 52. Ke3 a2 53. Ke2 Rc1 54. Kd2 Rc2+ 55. Kd1 Rxh2 56. Ke1 a1=Q 57. Kd1 0-1

[Event "*** SCC Grand Prix: Titled Tuesday Blitz"]
[Site "Chess.com"]
[Date "2020.10.13"]
[Round "4"]
[White "chenxiaoyuer"]
[Black "tdf98pantani"]
[Result "1-0"]
[WhiteElo "2539"]
[BlackElo "2726"]
[TimeControl "180+1"]
[EndTime "10:39:57 PDT"]
[Termination "chenxiaoyuer won on time"]

1. e4 c6 2. d4 d5 3. Nd2 dxe4 4. Nxe4 Bf5 5. Ng3 Bg6 6. h4 h6 7. Nf3 Nd7 8. h5 Bh7 9. Bd3 Bxd3 10. Qxd3 e6 11.
Bd2 Ngf6 12. O-O-O Be7 13. Ne4 Qb6 14. Be3 Ng4 15. d5 Nxe3 16. dxe6 Nxd1 17. exd7+ Kf8 18. Rxd1 Rd8 19. Ne5 Qa5 20. Qd4 Qxa2 21. Nd6 Qd5 22. Qxd5 cxd5 23. Ndxf7 Bg5+ 24. Kb1 Rxd7 25. Nxh8 Rd6 26.
Nhg6+ Ke8 27. f4 Bf6 28. Re1 Re6 29. g4 d4 30. Kc1 Ra6 31. Kd2 Kd8 32. Nd3 Rc6 33.
Nge5 Rb6 34. Nc4 Rc6 35. Nce5 Rb6 36. Nf3 a5 37. Re4 Rd6 38. Nde5 Rd5 39. Kd3 Rb5 40. b3 a4 41. Rxd4+ Kc8 42. Rxa4 Rd5+ 43. Rd4 Ra5 44. Nc4 Ra1 45. Re4 Rf1 46. Nfd2 Rg1 47. f5 Rg3+ 48. Re3 Rxg4 49. Ne4 1-0

[Event "*** SCC Grand Prix: Titled Tuesday Blitz"]
[Site "Chess.com"]
[Date "2020.10.13"]
[Round "4"]
[White "Vandros57"]
[Black "andresgv36"]
[Result "1-0"]
[WhiteElo "2198"]
[BlackElo "2364"]
[TimeControl "180+1"]
[EndTime "10:39:57 PDT"]
[Termination "Vandros57 won on time"]

1. d4 Nf6 2. Nf3 d5 3. c4 c6 4. e3 Bf5 5. Bd3 e6 6. Bxf5 exf5 7. cxd5 Nxd5 8. Nc3 Bb4 9. O-O O-O 10. Nxd5 Qxd5 11.
Bd2 Bd6 12. b4 Nd7 13. Qc2 Nf6 14. Rfc1 Qe6 15. Rab1 a6 16. a4 Ne4 17. Be1 Rfe8 18. g3 g5 19. b5 axb5 20. axb5 cxb5 21. Rxb5 Rec8 22. Qb1 Rxc1 23. Qxc1 Ra7 24. d5 Qd7 25. Rb1 Ba3 26. Qc4 Nd6 27. Qd3 h6 28. Ne5 Qe8 29. Bc3 b5 30. Bd4 Rb7 31. Nc6 b4 32. h3 Ne4 33. Kg2 Qd7 34. Bb2 Rb5 35.
Bxa3 Rxd5 36. Qc4 bxa3 37. Rf1 Kf8 38. Nd4 Nd2 39. Qa2 Nxf1 40. Kxf1 Kg7 41. Qxa3 f4 42.
Qc3 Kg6 43. gxf4 gxf4 44. Qd3+ 1-0

[Event "*** SCC Grand Prix: Titled Tuesday Blitz"]
[Site "Chess.com"]
[Date "2020.10.13"]
[Round "4"]
[White "ZverevLev"]
[Black "LedakovAlexandr"]
[Result "0-1"]
[WhiteElo "2317"]
[BlackElo "2472"]
[TimeControl "180+1"]
[EndTime "10:39:58 PDT"]
[Termination "LedakovAlexandr won by checkmate"]

1. e4 Nc6 2. Nf3 d6 3. d4 g6 4. c3 Bg7 5. Bd3 e5 6. Be3 Nge7 7. O-O O-O 8. Nbd2 h6 9. Re1 Kh7 10. Nf1 f5 11. exf5 gxf5 12. dxe5 dxe5 13. Bc2 Be6 14. Ng3 e4 15. Nd2 Nd5 16. Bb3 f4 17. Ngxe4 fxe3 18. fxe3 Qe7 19. Qh5 Ne5 20. Bc2 Kh8 21. h3 Rad8 22.
Ng3 Qg5 23. Qxg5 hxg5 24. Nde4 Bh6 25. Bb3 b6 26. Ne2 c5 27. N4g3 g4 28. Nf4 Bf7 29.
Nf5 Nxf4 30. exf4 Bxf4 31. Bxf7 Rxf7 32. Nh4 gxh3 33. Rxe5 Bxe5 34. Ng6+ Kh7 35. Nxe5 Rg7 36. Rf1 Rxg2+ 37. Kh1 Rdg8 38. Nd7 R8g7 39. Nf6+ Kh6 40.
Ne4 Rxb2 41. Nf2 Rg2 42. Nxh3 Rh2+ 43. Kg1 Rbg2# 0-1

[Event "*** SCC Grand Prix: Titled Tuesday Blitz"]
[Site "Chess.com"]
[Date "2020.10.13"]
[Round "4"]
[White "Chessbard1972"]
[Black "IngOscarArdila"]
[Result "0-1"]
[WhiteElo "2370"]
[BlackElo "2151"]
[TimeControl "180+1"]
[EndTime "10:39:58 PDT"]
[Termination "IngOscarArdila won on time"]

1. d4 Nf6 2. c4 g6 3. Nf3 Bg7 4. g3 d6 5. Bg2 O-O 6. O-O Nbd7 7. Nc3 e5 8. Qc2 exd4 9. Nxd4 Re8 10. Rd1 Nc5 11. e4 a5 12. b3 Nfd7 13. h3 Ne5 14. Be3 Bd7 15. Rac1 c6 16. f4 Ned3 17. Rxd3 Nxd3 18.
Qxd3 Qe7 19. Bf2 Rad8 20. Rd1 Bc8 21. Nde2 h5 22. Bb6 Rd7 23. Bxa5 d5 24. Bb6 dxe4 25. Qe3 f5 26. Rxd7 Bxd7 27. Bd4 Rd8 28. Bb6 Ra8 29. g4 hxg4 30. hxg4 Qa3 31. gxf5 gxf5 32. Bd4 Qe7 33. Ng3 Rd8 34. Nh5 Bxd4 35. Qxd4 Be6 36. Qe5 Rd3 37. Bf1 Rd2 38. Bh3 b6 39. Qb8+ Kf7 40.
Qe5 Qc5+ 41. Qxc5 bxc5 42. Na4 Rxa2 43. Nxc5 Rb2 44. Ng3 e3 0-1

[Event "*** SCC Grand Prix: Titled Tuesday Blitz"]
[Site "Chess.com"]
[Date "2020.10.13"]
[Round "4"]
[White "TimofeevAr"]
[Black "Zhigalko_Sergei"]
[Result "1/2-1/2"]
[WhiteElo "2809"]
[BlackElo "2927"]
[TimeControl "180+1"]
[EndTime "10:39:59 PDT"]
[Termination "Game drawn by repetition"]

1. Nf3 d5 2. d3 c6 3. g3 Bg4 4. Nbd2 e6 5. Bg2 Bd6 6. O-O Ne7 7. c4 O-O 8. b3 a5 9. a3 Nd7 10. Bb2 Re8 11. Qc2 f6 12. e4 Rc8 13. d4 Bh5 14.
Rfe1 Bg6 15. Bh3 Nf8 16. Qc3 Bb8 17. b4 a4 18. Rac1 b5 19. cxb5 cxb5 20. Qe3 Ba7 21. e5 Nf5 22. Qf4 Nd7 23. Bf1 Qb6 24. Rc5 fxe5 25.
Nxe5 Nxc5 26. dxc5 Qb7 27. Ndf3 Bb8 28. Qg4 d4 29.
Nxd4 Bxe5 30. Rxe5 Nxd4 31. Bxd4 Bf5 32. Qe2 Rcd8 33. Qe3 Qd7 34. Bc3 Qd1 35. Kg2 Bh3+ 36. Kxh3 Qxf1+ 37. Kh4 Qh1 38. h3 Qd1 39. Rxe6 Rxe6 40.
Qxe6+ Kh8 41. Qe7 Rg8 42. Bxg7+ Rxg7 43. Qf8+ Rg8 44. Qf6+ Rg7 45. Qf8+ Rg8 46. Qf6+ Rg7 47. Qf8+ 1/2-1/2